[Event "Bamberg-Open 2019"]
[Site "Bamberg"]
[Date "2019.06.01"]
[Round "5.13"]
[White "Chennaoui, Yasin"]
[Black "Johansson, Jukka"]
[Result "1/2-1/2"]
[ECO "A36"]
[WhiteElo "2184"]
[BlackElo "2071"]
[Annotator "ChessBase"]
[PlyCount "55"]
[EventDate "2019.05.12"]
[EventType "swiss"]
[EventCountry "GER"]
[SourceTitle "playchess.com"]
[Source "ChessBase"]
[SourceQuality "1"]
[TimeControl "40/5400+30:900+30"]

1. c4 c5 2. g3 g6 3. Bg2 Bg7 4. Nc3 Nc6 5. a3 e6 6. b4 d6 7. Rb1 Nge7 8. Nf3 O-O 9. O-O Rb8 10. Ne1 b6 11. Nc2 Bb7 12. Bb2 Qd7 13. d3 Nf5 14. e4 Nfd4 15. Ne2 Rbc8 16. b5 Nxe2+ 17. Qxe2 Nd4 18. Bxd4 Bxd4 19. Nxd4 cxd4 20. Qb2 e5 21. f4 f5 22. Rbe1 Rce8 23. Qd2 Kg7 24. a4 Rf7 25. Rf2 fxe4 26. Bxe4 Bxe4 27. Rxe4 Ref8 28. Qe2 1/2-1/2

[Event "Bamberg-Open 2019"]
[Site "Bamberg"]
[Date "2019.06.01"]
[Round "5.14"]
[White "Spitzl, Bertram"]
[Black "Rempeli, Alex"]
[Result "1-0"]
[ECO "A06"]
[WhiteElo "2176"]
[BlackElo "2016"]
[Annotator "ChessBase"]
[PlyCount "79"]
[EventDate "2019.05.12"]
[EventType "swiss"]
[EventCountry "GER"]
[SourceTitle "playchess.com"]
[Source "ChessBase"]
[SourceQuality "1"]
[TimeControl "40/5400+30:900+30"]

1. g3 d5 2. Nf3 g6 3. Bg2 Bg7 4. d4 Nd7 5. O-O Ngf6 6. c4 dxc4 7. Na3 Nb6 8. Ne5 Ng4 9. Nxg4 Bxg4 10. Bxb7 Rb8 11. Bc6+ Kf8 12. Qc2 Qxd4 13. Nb5 Qc5 14. Nxa7 Nd5 15. Rd1 Nb4 16. Qa4 Bxe2 17. Be3 Bxd1 18. Rxd1 Qh5 19. Rd2 Bf6 20. Bg2 Kg7 21. a3 Nd3 22. Qxc4 Nxb2 23. Qxc7 Qg4 24. h3 Qc4 25. Nc6 Rb3 26. Kh2 Rxa3 27. Bd5 Qc3 28. Qf4 g5 29. Qf5 h6 30. Nxe7 Re8 31. Bd4 Qxd4 32. Rxd4 Rxe7 33. Rd2 Na4 34. Be4 Re5 35. Qh7+ Kf8 36. Rd7 Re7 37. Qxh6+ Ke8 38. Bc6 Rxd7 39. Qxf6 Rad3 40. Bxa4 1-0

[Event "Bamberg-Open 2019"]
[Site "Bamberg"]
[Date "2019.06.01"]
[Round "5.15"]
[White "Zenker, Ulrich"]
[Black "Syed, Tareq"]
[Result "1-0"]
[ECO "A53"]
[WhiteElo "2147"]
[BlackElo "2001"]
[Annotator "ChessBase"]
[PlyCount "75"]
[EventDate "2019.05.12"]
[EventType "swiss"]
[EventCountry "GER"]
[SourceTitle "playchess.com"]
[Source "ChessBase"]
[SourceQuality "1"]
[TimeControl "40/5400+30:900+30"]

1. d4 Nf6 2. c4 d6 3. Nf3 Nbd7 4. Nc3 e5 5. g3 c6 6. Bg2 Be7 7. O-O O-O 8. Qc2 Re8 9. e3 Qc7 10. b3 Nf8 11. Bb2 Ng6 12. Rac1 Bg4 13. h3 Bd7 14. d5 c5 15. Nd2 Qc8 16. Kh2 h5 17. Rce1 Nh7 18. f4 f5 19. Ne2 Nhf8 20. Bf3 h4 21. Bh5 hxg3+ 22. Nxg3 Bf6 23. fxe5 Bxe5 24. Bxe5 Rxe5 25. Nf3 Re7 26. Ng5 Ne5 27. e4 g6 28. Bd1 Rg7 29. exf5 gxf5 30. Nxf5 Bxf5 31. Qxf5 Qd8 32. Rg1 Qa5 33. Ref1 Qd2+ 34. Rf2 Qe3 35. Bc2 Rg6 36. Rg3 Qc1 37. Ne6 Rxg3 38. Qxf8+ 1-0

[Event "Bamberg-Open 2019"]
[Site "Bamberg"]
[Date "2019.06.01"]
[Round "5.16"]
[White "Kues, Jarl-Hendrik"]
[Black "Hoekstra, Peter"]
[Result "1-0"]
[ECO "A40"]
[WhiteElo "2137"]
[BlackElo "1979"]
[Annotator "ChessBase"]
[PlyCount "41"]
[EventDate "2019.05.12"]
[EventType "swiss"]
[EventCountry "GER"]
[SourceTitle "playchess.com"]
[Source "ChessBase"]
[SourceQuality "1"]
[TimeControl "40/5400+30:900+30"]

1. d4 g6 2. Bf4 Nf6 3. Nc3 d5 4. e3 Bg7 5. h4 c5 6. Nb5 Na6 7. c3 Qb6 8. dxc5 Qxc5 9. Qd4 Qxd4 10. exd4 Bg4 11. f3 Bd7 12. g4 h5 13. g5 Nh7 14. Bd3 O-O 15. Kd2 Rfc8 16. a4 Nf8 17. Ne2 Ne6 18. Bg3 Nec7 19. Nxc7 Nxc7 20. Nf4 Kh7 21. Nxh5 1-0

[Event "Bamberg-Open 2019"]
[Site "Bamberg"]
[Date "2019.06.01"]
[Round "5.17"]
[White "Lohvinov, Petro"]
[Black "Legahn, Dirk"]
[Result "1/2-1/2"]
[ECO "B30"]
[WhiteElo "2086"]
[BlackElo "2132"]
[Annotator "ChessBase"]
[PlyCount "94"]
[EventDate "2019.05.12"]
[EventType "swiss"]
[EventCountry "GER"]
[SourceTitle "playchess.com"]
[Source "ChessBase"]
[SourceQuality "1"]
[TimeControl "40/5400+30:900+30"]

1. e4 c5 2. Nf3 Nc6 3. d3 g6 4. g3 Bg7 5. Bg2 Nf6 6. O-O d5 7. Nbd2 O-O 8. Re1 dxe4 9. dxe4 e5 10. c3 h6 11. Qc2 Be6 12. Bf1 Qc7 13. b3 Rfd8 14. Nc4 Rd7 15. Be3 b6 16. Rad1 Rad8 17. Rxd7 Rxd7 18. Bc1 Kh7 19. Ne3 Qb7 20. Bc4 Bxc4 21. Nxc4 Qc7 22. Ne3 Qd8 23. Kg2 Qa8 24. Rd1 Rxd1 25. Nxd1 Nd8 26. Nd2 Ne6 27. f3 b5 28. Qd3 Qc6 29. Ne3 Nc7 30. c4 a6 31. Bb2 Nh5 32. Nd5 Ne6 33. Nf1 Qd7 34. Nfe3 Ng5 35. g4 Qe6 36. h4 Nf4+ 37. Nxf4 exf4 38. Bxg7 Kxg7 39. hxg5 fxe3 40. gxh6+ Kh7 41. cxb5 Qe5 42. b6 Qb2+ 43. Kh3 Qf2 44. b7 Qxf3+ 45. Kh2 Qf2+ 46. Kh3 Qf3+ 47. Kh2 Qf2+ 1/2-1/2

[Event "Bamberg-Open 2019"]
[Site "Bamberg"]
[Date "2019.06.01"]
[Round "5.18"]
[White "Carnot, Luca"]
[Black "Ziegenfuss, Antonia"]
[Result "1-0"]
[ECO "A45"]
[WhiteElo "2043"]
[BlackElo "2111"]
[Annotator "ChessBase"]
[PlyCount "37"]
[EventDate "2019.05.12"]
[EventType "swiss"]
[EventCountry "GER"]
[SourceTitle "playchess.com"]
[Source "ChessBase"]
[SourceQuality "1"]
[TimeControl "40/5400+30:900+30"]

1. d4 Nf6 2. Bf4 c5 3. e3 Nd5 4. Bg3 Qb6 5. b3 e6 6. c3 Nc6 7. Nf3 Qa5 8. Qd2 cxd4 9. exd4 b5 10. Bd3 Be7 11. O-O Bb7 12. a4 b4 13. c4 Nf6 14. Qb2 Nh5 15. Nbd2 Nxg3 16. fxg3 Bf6 17. Ne4 Bxd4+ 18. Nxd4 Qe5 19. Nxc6 1-0

[Event "Bamberg-Open 2019"]
[Site "Bamberg"]
[Date "2019.06.01"]
[Round "5.19"]
[White "Boehme, Sebastian"]
[Black "Kolb, Tobias"]
[Result "0-1"]
[ECO "D00"]
[WhiteElo "2103"]
[BlackElo "1915"]
[Annotator "ChessBase"]
[PlyCount "92"]
[EventDate "2019.05.12"]
[EventType "swiss"]
[EventCountry "GER"]
[SourceTitle "playchess.com"]
[Source "ChessBase"]
[SourceQuality "1"]
[TimeControl "40/5400+30:900+30"]

1. d4 d5 2. Bf4 Nf6 3. e3 e6 4. Nd2 c5 5. c3 Nc6 6. Ngf3 Bd6 7. Bg3 O-O 8. Bd3 cxd4 9. exd4 Qc7 10. Qe2 a6 11. Ne5 b5 12. f4 g6 13. Bh4 Nh5 14. O-O Be7 15. Bxe7 Nxe7 16. g4 Ng7 17. Qe3 f6 18. Nef3 Bd7 19. Nb3 Nc8 20. Nc5 Nd6 21. b3 Nb7 22. Nxb7 Qxb7 23. g5 Nh5 24. Be2 Qc7 25. Nd2 Ng7 26. Bg4 fxg5 27. fxg5 Nf5 28. Bxf5 Rxf5 29. Rxf5 exf5 30. Nf3 Rc8 31. Ne5 Be8 32. Rc1 Bf7 33. Kf2 Qa5 34. Nxf7 Kxf7 35. Re1 Qxc3 36. Qe6+ Kg7 37. Qd7+ Kh8 38. Re3 Qd2+ 39. Kf3 Qd1+ 40. Re2 Rc3+ 41. Kf2 Qxd4+ 42. Kf1 Qf4+ 43. Kg1 Rc1+ 44. Kg2 Qf1+ 45. Kg3 Rc3+ 46. Kh4 Qf4# 0-1

[Event "Bamberg-Open 2019"]
[Site "Bamberg"]
[Date "2019.06.01"]
[Round "5.20"]
[White "Haselbeck, Franz"]
[Black "Kunath, Tim"]
[Result "1/2-1/2"]
[ECO "A05"]
[WhiteElo "1867"]
[BlackElo "2103"]
[Annotator "ChessBase"]
[PlyCount "77"]
[EventDate "2019.05.12"]
[EventType "swiss"]
[EventCountry "GER"]
[SourceTitle "playchess.com"]
[Source "ChessBase"]
[SourceQuality "1"]
[TimeControl "40/5400+30:900+30"]

1. Nf3 Nf6 2. g3 b5 3. Bg2 Bb7 4. O-O e6 5. a4 b4 6. d3 Be7 7. e4 O-O 8. e5 Ne8 9. Nbd2 d6 10. Nc4 a5 11. Be3 Nd7 12. Re1 Ra6 13. Qe2 Bxf3 14. Bxf3 d5 15. Nd2 Nxe5 16. Bg2 Ng6 17. d4 Rb6 18. Nb3 Qa8 19. h4 Bd6 20. h5 Ne7 21. h6 Nf5 22. hxg7 Nexg7 23. Bg5 Be7 24. Bxe7 Nxe7 25. Nc5 Qd8 26. Qg4 Ng6 27. f4 Nf5 28. Rad1 Qd6 29. Nb3 Rc6 30. Rd2 Rc4 31. Bf1 Qb6 32. Bxc4 dxc4 33. Nc5 c3 34. bxc3 bxc3 35. Rf2 Rd8 36. Ne4 Rxd4 37. Nf6+ Kg7 38. Nh5+ Kg8 39. Qf3 1/2-1/2

[Event "Bamberg-Open 2019"]
[Site "Bamberg"]
[Date "2019.06.01"]
[Round "5.21"]
[White "Waffenschmidt, Joachim"]
[Black "Troyke, Christian"]
[Result "0-1"]
[ECO "E91"]
[WhiteElo "1983"]
[BlackElo "2328"]
[Annotator "ChessBase"]
[PlyCount "80"]
[EventDate "2019.05.12"]
[EventType "swiss"]
[EventCountry "GER"]
[SourceTitle "playchess.com"]
[Source "ChessBase"]
[SourceQuality "1"]
[TimeControl "40/5400+30:900+30"]

1. d4 g6 2. c4 Nf6 3. Nc3 Bg7 4. e4 d6 5. Nf3 O-O 6. Be2 c5 7. O-O cxd4 8. Nxd4 Nc6 9. Be3 Bd7 10. Qd2 Nxd4 11. Bxd4 Bc6 12. Bd3 a5 13. Rae1 Nd7 14. Bxg7 Kxg7 15. Re3 h5 16. Nd5 e5 17. Be2 Bxd5 18. Qxd5 Nc5 19. Rd1 Ra6 20. b3 Qe7 21. g3 Rc8 22. Bf1 Rcc6 23. Bh3 Rcb6 24. Rb1 Ra8 25. a3 Rba6 26. Ree1 a4 27. b4 Nb3 28. Red1 Rc6 29. Bf1 Nd4 30. f4 Qf6 31. Kh1 h4 32. c5 hxg3 33. hxg3 dxc5 34. Qxe5 Rh8+ 35. Kg2 Rh2+ 36. Kxh2 Nf3+ 37. Kg2 Nxe5 38. fxe5 Qxe5 39. Re1 cxb4 40. Rxb4 Rc3 0-1

[Event "Bamberg-Open 2019"]
[Site "Bamberg"]
[Date "2019.06.01"]
[Round "5.22"]
[White "Promyshlyanskiy, Vitaliy"]
[Black "Mooser, Nicolas"]
[Result "1-0"]
[ECO "B23"]
[WhiteElo "2282"]
[BlackElo "2026"]
[Annotator "ChessBase"]
[PlyCount "73"]
[EventDate "2019.05.12"]
[EventType "swiss"]
[EventCountry "GER"]
[SourceTitle "playchess.com"]
[Source "ChessBase"]
[SourceQuality "1"]
[TimeControl "40/5400+30:900+30"]

1. e4 c5 2. Nc3 e6 3. Nge2 a6 4. g3 b5 5. Bg2 Bb7 6. O-O Nf6 7. d3 d5 8. e5 Nfd7 9. f4 Be7 10. Kh1 O-O 11. d4 Nc6 12. Be3 cxd4 13. Nxd4 Nxd4 14. Bxd4 Qc7 15. Ne2 Rac8 16. c3 b4 17. cxb4 Bxb4 18. Rc1 Qa5 19. a3 Be7 20. Nc3 Rc4 21. Rf3 Qc7 22. Bf1 Bc5 23. Rd3 Qb6 24. Na4 Qb5 25. Nxc5 Nxc5 26. Rdc3 Na4 27. R3c2 Rfc8 28. h3 Rxc2 29. Rxc2 Qa5 30. Rxc8+ Bxc8 31. b4 Qc7 32. Qxa4 Bd7 33. Qa5 Qc6 34. Qxa6 Qc1 35. Qa8+ Bc8 36. Kg1 g6 37. Bc5 1-0

[Event "Bamberg-Open 2019"]
[Site "Bamberg"]
[Date "2019.06.01"]
[Round "5.23"]
[White "Schmidt, Justus"]
[Black "Minor, Viatcheslav"]
[Result "1/2-1/2"]
[ECO "C00"]
[WhiteElo "2153"]
[BlackElo "2032"]
[Annotator "ChessBase"]
[PlyCount "121"]
[EventDate "2019.05.12"]
[EventType "swiss"]
[EventCountry "GER"]
[SourceTitle "playchess.com"]
[Source "ChessBase"]
[SourceQuality "1"]
[TimeControl "40/5400+30:900+30"]

1. e4 e6 2. d3 d5 3. Nd2 c5 4. Ngf3 Nc6 5. g3 Bd6 6. Bg2 Nge7 7. O-O O-O 8. Nh4 Bd7 9. f4 f5 10. Re1 Rc8 11. c3 b6 12. Qe2 b5 13. Nhf3 h6 14. exd5 Nxd5 15. c4 Nc7 16. Nb3 b4 17. Be3 Na6 18. Rad1 Re8 19. d4 Bf8 20. Kh1 Qc7 21. d5 exd5 22. cxd5 Ncb8 23. Qc4 Qd6 24. Ne5 Ba4 25. Rc1 Nd7 26. Bf2 Nab8 27. Nxd7 Nxd7 28. Nd2 a6 29. Qd3 Qf6 30. Nc4 Bb5 31. b3 Kh8 32. Qc2 Bxc4 33. Qxc4 Rcd8 34. Rcd1 Qd6 35. Qd3 g6 36. Qc2 Bg7 37. Qc4 Bc3 38. Rxe8+ Rxe8 39. a4 Kg7 40. Bf3 h5 41. Kg2 Rc8 42. a5 Re8 43. Be2 Ra8 44. Bf1 Kh7 45. Kg1 Kg7 46. Rd3 Re8 47. Re3 Rxe3 48. Bxe3 Qe7 49. Bf2 Be1 50. Qxa6 Bxf2+ 51. Kxf2 Nf6 52. Qe6 Qa7 53. Qb6 Qe7 54. Qe6 Qa7 55. Bc4 Ne4+ 56. Ke3 Qxa5 57. d6 Qa1 58. Qg8+ Kh6 59. Qf8+ Kh7 60. Bg8+ Kh8 61. Bf7+ 1/2-1/2

[Event "Bamberg-Open 2019"]
[Site "Bamberg"]
[Date "2019.06.01"]
[Round "5.24"]
[White "Schreiter, Thomas"]
[Black "Korolev, Alexandr"]
[Result "1/2-1/2"]
[ECO "E63"]
[WhiteElo "1982"]
[BlackElo "2143"]
[Annotator "ChessBase"]
[PlyCount "89"]
[EventDate "2019.05.12"]
[EventType "swiss"]
[EventCountry "GER"]
[SourceTitle "playchess.com"]
[Source "ChessBase"]
[SourceQuality "1"]
[TimeControl "40/5400+30:900+30"]

1. d4 d6 2. g3 g6 3. Bg2 Bg7 4. Nf3 Nf6 5. O-O O-O 6. c4 Nc6 7. Nc3 a6 8. Re1 Rb8 9. d5 Ne5 10. Nxe5 dxe5 11. b4 Ne8 12. Qb3 b5 13. c5 e6 14. Rd1 Qe7 15. Bb2 Kh8 16. Rd2 exd5 17. Nxd5 Qe6 18. Qe3 f5 19. f4 e4 20. Bxg7+ Kxg7 21. Qc3+ Kf7 22. Rad1 Qc6 23. g4 Nf6 24. g5 Nxd5 25. Rxd5 Be6 26. Rd6 cxd6 27. Qf6+ Kg8 28. Qxe6+ Rf7 29. Rxd6 Qc7 30. e3 Rd8 31. Rxd8+ Qxd8 32. Bf1 Qd2 33. Qe8+ Rf8 34. Qe6+ Rf7 35. Qe8+ Kg7 36. Qe5+ Kf8 37. Qb8+ Ke7 38. Qe5+ Kd7 39. c6+ Kd8 40. Qb8+ Ke7 41. Qb6 Qc1 42. Qc7+ Kf8 43. Qb8+ Kg7 44. Qe5+ Kg8 45. Qe8+ 1/2-1/2

[Event "Bamberg-Open 2019"]
[Site "Bamberg"]
[Date "2019.06.01"]
[Round "5.25"]
[White "Link, Klaus"]
[Black "Krauseneck, Peter"]
[Result "1/2-1/2"]
[ECO "B00"]
[WhiteElo "1959"]
[BlackElo "2136"]
[Annotator "ChessBase"]
[PlyCount "133"]
[EventDate "2019.05.12"]
[EventType "swiss"]
[EventCountry "GER"]
[SourceTitle "playchess.com"]
[Source "ChessBase"]
[SourceQuality "1"]
[TimeControl "40/5400+30:900+30"]

1. e4 b6 2. d4 Bb7 3. Bd3 e6 4. Ne2 g6 5. O-O Bg7 6. c4 Ne7 7. Nbc3 d6 8. Be3 Nd7 9. Rc1 O-O 10. Qd2 e5 11. f4 exd4 12. Bxd4 Nc6 13. Bxg7 Kxg7 14. Nd5 f6 15. Bb1 a5 16. Nec3 Nc5 17. Nb5 Rf7 18. Rce1 Ba6 19. Nd4 Qd7 20. b3 Re8 21. h3 Bb7 22. Nb5 Qd8 23. Qb2 Nb8 24. e5 Bxd5 25. cxd5 fxe5 26. fxe5 Rxf1+ 27. Kxf1 Rxe5 28. Rxe5 Qf6+ 29. Kg1 Qxe5 30. Qxe5+ dxe5 31. Nxc7 Kf7 32. Kf2 Ke7 33. Ke3 Nbd7 34. Nb5 Nf6 35. Nc3 Kd6 36. Be4 Na6 37. Nb5+ Kc5 38. a4 Nxd5+ 39. Bxd5 Kxd5 40. Nc3+ Ke6 41. Kd3 Nc5+ 42. Kc4 Kf5 43. Nd5 Nd7 44. b4 axb4 45. Kxb4 e4 46. g4+ Ke5 47. Kc4 g5 48. Ne3 Kf4 49. Kd4 h6 50. Nc4 Kg3 51. Kxe4 Nc5+ 52. Kd5 Nxa4 53. Kc6 Kxh3 54. Ne5 Kg3 55. Nf7 Kxg4 56. Nxh6+ Kf4 57. Kb5 Nc3+ 58. Kxb6 Nd5+ 59. Kc5 Ne3 60. Ng8 Kf5 61. Kd4 Kf4 62. Nf6 Nf5+ 63. Kd3 Nd6 64. Nh5+ Kf3 65. Nf6 Ne8 66. Nxe8 g4 67. Ng7 {[%emt 0:00:05] Ke4+ Kd4+} 1/2-1/2

[Event "Bamberg-Open 2019"]
[Site "Bamberg"]
[Date "2019.06.01"]
[Round "5.26"]
[White "Miettinen, Teemu"]
[Black "Sukaylo, Aleksey"]
[Result "0-1"]
[ECO "C44"]
[WhiteElo "2017"]
[BlackElo "2097"]
[Annotator "NA"]
[PlyCount "56"]
[EventDate "2019.05.12"]
[EventType "swiss"]
[EventCountry "GER"]
[SourceTitle "playchess.com"]
[Source "ChessBase"]
[SourceQuality "1"]
[TimeControl "40/5400+30:900+30"]

1. e4 e5 2. Nf3 Nc6 3. d4 exd4 4. Nxd4 Nf6 5. Nc3 Bb4 6. Nxc6 bxc6 7. Bd3 d5 8. exd5 Qe7+ 9. Qe2 Qxe2+ 10. Kxe2 cxd5 11. Nb5 Kd8 12. Bf4 Re8+ 13. Kd1 Ba5 14. b4 Bb6 15. c4 $19 (15. f3 $11 {and White has nothing to worry.}) 15... dxc4 16. Bxc4 Re4 17. Bxc7+ Bxc7 18. Nxc7 Kxc7 19. Bxf7 Ba6 20. Rb1 Rd8+ 21. Kc1 Re2 22. b5 Bb7 23. Rb3 Rxf2 24. Re1 Be4 25. Rc3+ Kb8 26. a4 Rdd2 27. Bb3 Rb2 28. h3 Rb1# 0-1

[Event "Bamberg-Open 2019"]
[Site "Bamberg"]
[Date "2019.06.01"]
[Round "6.2"]
[White "Plat, Vojtech"]
[Black "Stets, Dmitry"]
[Result "1/2-1/2"]
[ECO "B50"]
[WhiteElo "2540"]
[BlackElo "2391"]
[Annotator "ChessBase"]
[PlyCount "75"]
[EventDate "2019.05.12"]
[EventType "swiss"]
[EventCountry "GER"]
[SourceTitle "playchess.com"]
[Source "ChessBase"]
[SourceQuality "1"]
[TimeControl "40/5400+30:900+30"]

1. e4 c5 2. Nf3 d6 3. d4 Nf6 4. Nc3 cxd4 5. Qxd4 Bd7 6. Bg5 Nc6 7. Qe3 e6 8. O-O-O a6 9. Kb1 Qc7 10. Bxf6 gxf6 11. Be2 O-O-O 12. Na4 Kb8 13. Nb6 Be8 14. Rd3 h5 15. Nd2 f5 16. f3 Bh6 17. Qf2 Bxd2 18. Rxd2 fxe4 19. fxe4 Ne5 20. Rhd1 Bc6 21. Bf3 Ng4 22. Qg1 Nxh2 23. Qxh2 Qxb6 24. Rxd6 Rxd6 25. Qxd6+ Qc7 26. Qd4 e5 27. Qd2 Qe7 28. Qe3 h4 29. Rh1 Qf6 30. b3 Kc7 31. a4 Qh6 32. Qc5 Qd6 33. Qc3 Kb8 34. Qe3 Qh6 35. Qd3 Qf6 36. Rf1 Qe7 37. Qc4 Rd8 38. Qc3 1/2-1/2

[Event "Bamberg-Open 2019"]
[Site "Bamberg"]
[Date "2019.06.01"]
[Round "6.3"]
[White "Hacker, Jonas"]
[Black "Mooser, Stefan"]
[Result "0-1"]
[ECO "B44"]
[WhiteElo "2386"]
[BlackElo "2215"]
[Annotator "ChessBase"]
[PlyCount "102"]
[EventDate "2019.05.12"]
[EventType "swiss"]
[EventCountry "GER"]
[SourceTitle "playchess.com"]
[Source "ChessBase"]
[SourceQuality "1"]
[TimeControl "40/5400+30:900+30"]

1. e4 c5 2. Nf3 e6 3. d4 cxd4 4. Nxd4 Nc6 5. Nb5 d6 6. c4 Nf6 7. N5c3 Be7 8. Be2 O-O 9. O-O b6 10. Re1 Bb7 11. Bf4 Rc8 12. Bf1 Ne5 13. Nd2 Nfd7 14. Rc1 a6 15. Qe2 Kh8 16. a3 g5 17. Be3 Rg8 18. b4 g4 19. Na4 Bf6 20. Red1 Bc6 21. Nc3 Bb7 22. Na4 Bc6 23. Nc3 Bb7 24. Kh1 Rg7 25. Bf4 h5 26. Na4 h4 27. Qe3 Qc7 28. Nb3 h3 29. g3 Be7 30. Nd2 f5 31. Bxe5 Nxe5 32. Qxb6 Bg5 33. Qxc7 Rgxc7 34. Be2 fxe4 35. Kg1 e3 36. Nf1 exf2+ 37. Kxf2 Rf8+ 38. Ke1 Nf3+ 39. Bxf3 Bxf3 40. c5 Bxd1 41. Rxd1 Rcf7 42. Nd2 dxc5 43. Ne4 Rf1+ 44. Ke2 Rxd1 45. Kxd1 cxb4 46. axb4 Be7 47. Nac5 Rf1+ 48. Ke2 Rb1 49. Nxa6 Rb2+ 50. Ke3 Rxh2 51. Nf2 Rg2 0-1

[Event "Bamberg-Open 2019"]
[Site "Bamberg"]
[Date "2019.06.01"]
[Round "6.4"]
[White "Kurayan, Ruslan"]
[Black "Ziegenfuss, Holger"]
[Result "1-0"]
[ECO "B29"]
[WhiteElo "2374"]
[BlackElo "2006"]
[Annotator "ChessBase"]
[PlyCount "93"]
[EventDate "2019.05.12"]
[EventType "swiss"]
[EventCountry "GER"]
[SourceTitle "playchess.com"]
[Source "ChessBase"]
[SourceQuality "1"]
[TimeControl "40/5400+30:900+30"]

1. e4 c5 2. Nf3 Nf6 3. e5 Nd5 4. b3 b6 5. Bd3 Nc6 6. Be4 e6 7. O-O Bb7 8. c4 Nde7 9. Nc3 Ng6 10. Nb5 Qb8 11. Bb2 a6 12. Nd6+ Bxd6 13. exd6 f5 14. Bxc6 Bxc6 15. d4 Bxf3 16. Qxf3 cxd4 17. Rad1 O-O 18. Rxd4 Qd8 19. Re1 Rc8 20. Qc3 Rf7 21. f4 Rc6 22. b4 Qc8 23. a4 Qa8 24. b5 Rc8 25. Qb4 Rff8 26. h3 h6 27. Kh2 Kh7 28. Re3 Rg8 29. Rg3 Nh8 30. Qc3 Ng6 31. Ba1 Rc5 32. Qb2 Rcc8 33. Rb3 a5 34. Rg3 Nh8 35. Rdd3 g6 36. Qf6 Rcf8 37. Qd4 Qb8 38. c5 bxc5 39. Qxc5 Rc8 40. Qd4 Qa8 41. Rc3 Nf7 42. Rxc8 Qxc8 43. Rc3 Qd8 44. b6 g5 45. b7 gxf4 46. Rc8 e5 47. Rxd8 1-0

[Event "Bamberg-Open 2019"]
[Site "Bamberg"]
[Date "2019.06.01"]
[Round "6.5"]
[White "Ammon, Tobias"]
[Black "Langheinrich, Ferenc"]
[Result "1/2-1/2"]
[ECO "B06"]
[WhiteElo "2151"]
[BlackElo "2379"]
[Annotator "ChessBase"]
[PlyCount "50"]
[EventDate "2019.05.12"]
[EventType "swiss"]
[EventCountry "GER"]
[SourceTitle "playchess.com"]
[Source "ChessBase"]
[SourceQuality "1"]
[TimeControl "40/5400+30:900+30"]

1. e4 g6 2. d4 Bg7 3. Nc3 d6 4. f4 e6 5. Nf3 a6 6. Bd3 Ne7 7. O-O O-O 8. Ne2 f5 9. e5 dxe5 10. Nxe5 Nbc6 11. c3 Nxe5 12. dxe5 g5 13. fxg5 Ng6 14. Bc2 Qe7 15. Nf4 Rd8 16. Qe2 Bd7 17. Nxg6 hxg6 18. Re1 Bb5 19. Qf2 Bd3 20. Bf4 Rd7 21. Rac1 Rad8 22. h3 c5 23. Bxd3 Rxd3 24. c4 b6 25. Kh1 a5 1/2-1/2

[Event "Bamberg-Open 2019"]
[Site "Bamberg"]
[Date "2019.06.01"]
[Round "6.6"]
[White "Berghof, Axel"]
[Black "Hirneise, Jens"]
[Result "0-1"]
[ECO "E81"]
[WhiteElo "2155"]
[BlackElo "2375"]
[Annotator "ChessBase"]
[PlyCount "66"]
[EventDate "2019.05.12"]
[EventType "swiss"]
[EventCountry "GER"]
[SourceTitle "playchess.com"]
[Source "ChessBase"]
[SourceQuality "1"]
[TimeControl "40/5400+30:900+30"]

1. d4 Nf6 2. c4 g6 3. Nc3 Bg7 4. e4 d6 5. f3 O-O 6. Be3 a6 7. Qd2 Nbd7 8. Nh3 c5 9. d5 b5 10. cxb5 Qa5 11. Bh6 Bxh6 12. Qxh6 axb5 13. Bxb5 Rb8 14. Bxd7 Bxd7 15. O-O Bxh3 16. Qxh3 Rxb2 17. Rac1 Qb4 18. Qh6 Qd4+ 19. Kh1 Ra8 20. Rfd1 Qf2 21. Rg1 Nh5 22. Qg5 Rc2 23. Rxc2 Qxc2 24. Qc1 Qf2 25. Rf1 Qd4 26. g3 Nf6 27. Kg2 Nd7 28. Rd1 Qb4 29. a4 Nb6 30. Rd2 Nxa4 31. Ra2 Nb6 32. Rb2 Qa3 33. Qc2 Nc4 0-1

[Event "Bamberg-Open 2019"]
[Site "Bamberg"]
[Date "2019.06.01"]
[Round "6.7"]
[White "Becker, Tobias"]
[Black "Scholz, Christian"]
[Result "1/2-1/2"]
[ECO "A48"]
[WhiteElo "2019"]
[BlackElo "2372"]
[Annotator "ChessBase"]
[PlyCount "69"]
[EventDate "2019.05.12"]
[EventType "swiss"]
[EventCountry "GER"]
[SourceTitle "playchess.com"]
[Source "ChessBase"]
[SourceQuality "1"]
[TimeControl "40/5400+30:900+30"]

1. d4 Nf6 2. Nf3 g6 3. Bg5 Bg7 4. Nbd2 h6 5. Bh4 d5 6. e3 O-O 7. Bd3 c5 8. c3 b6 9. O-O Bb7 10. Qb1 Nc6 11. b4 cxb4 12. cxb4 g5 13. Bg3 Nh5 14. a3 Nxg3 15. hxg3 e6 16. Rc1 g4 17. b5 Ne7 18. Ne5 Bxe5 19. dxe5 a6 20. Qb4 d4 21. Ne4 f5 22. Nf6+ Kf7 23. bxa6 Bxa6 24. Bxa6 Rxa6 25. exd4 Ra7 26. Rab1 b5 27. Qc5 Qa8 28. Qxb5 Rxa3 29. Rc7 Ra7 30. Rxa7 Qxa7 31. d5 exd5 32. Nxd5 Rd8 33. Nxe7 Qxe7 34. Qc6 Rd7 35. Re1 1/2-1/2

[Event "Bamberg-Open 2019"]
[Site "Bamberg"]
[Date "2019.06.01"]
[Round "6.8"]
[White "Zenker, Ulrich"]
[Black "Gegenfurtner, Juergen"]
[Result "0-1"]
[ECO "D35"]
[WhiteElo "2147"]
[BlackElo "2323"]
[Annotator "ChessBase"]
[PlyCount "56"]
[EventDate "2019.05.12"]
[EventType "swiss"]
[EventCountry "GER"]
[SourceTitle "playchess.com"]
[Source "ChessBase"]
[SourceQuality "1"]
[TimeControl "40/5400+30:900+30"]

1. d4 d5 2. c4 e6 3. Nc3 Nf6 4. cxd5 exd5 5. Bg5 Be7 6. e3 c6 7. Bd3 Nbd7 8. Nge2 O-O 9. O-O Nh5 10. Bxe7 Qxe7 11. Qc2 g6 12. Rae1 Ndf6 13. Nf4 Nxf4 14. exf4 Qd6 15. f5 Bd7 16. a3 Rae8 17. g3 Re7 18. Rxe7 Qxe7 19. Qc1 Re8 20. Qg5 Kg7 21. fxg6 hxg6 22. h3 Bg4 23. f3 Bc8 24. Kf2 c5 25. dxc5 Qxc5+ 26. Kg2 Qb6 27. Rf2 Bxh3+ 28. Kxh3 Qxf2 0-1

[Event "Bamberg-Open 2019"]
[Site "Bamberg"]
[Date "2019.06.01"]
[Round "6.9"]
[White "Delitzsch, Juergen"]
[Black "Lohvinov, Petro"]
[Result "1-0"]
[ECO "B22"]
[WhiteElo "2175"]
[BlackElo "2086"]
[Annotator "ChessBase"]
[PlyCount "71"]
[EventDate "2019.05.12"]
[EventType "swiss"]
[EventCountry "GER"]
[SourceTitle "playchess.com"]
[Source "ChessBase"]
[SourceQuality "1"]
[TimeControl "40/5400+30:900+30"]

1. e4 c5 2. c3 Nf6 3. e5 Nd5 4. d4 cxd4 5. Nf3 e6 6. cxd4 d6 7. a3 Bd7 8. Bd3 Bc6 9. O-O Nd7 10. Re1 Be7 11. Qe2 dxe5 12. dxe5 a6 13. Nd4 Rc8 14. Qg4 g6 15. Bh6 Nc5 16. Bc2 b5 17. b4 Nd7 18. Nxe6 Qb6 19. Nd4 Bb7 20. Nd2 Nf8 21. Bb3 Ne6 22. N2f3 Bf8 23. Bxf8 Kxf8 24. Nxe6+ Qxe6 25. Qd4 Qb6 26. Qd2 Kg7 27. e6 f6 28. Nd4 Ne7 29. Qe3 Qd8 30. Rad1 Qe8 31. Ne2 Rc7 32. Nf4 Nf5 33. Qb6 Qc6 34. Qxc7+ Qxc7 35. Rd7+ Qxd7 36. exd7 1-0